 Dungeon Crawl Stone Soup version 0.30.1-11-g7821555f0a (webtiles) character file.

Game seed: 2339482638436137277

714 fireball365 the Chopper (level 7, -1/60 HPs)
             Began as a Hill Orc Fighter on Nov 10, 2023.
             Killed by nerve-wracking pain
             ... invoked by an orc priest
              (9 damage)
             ... on level 5 of the Dungeon on Nov 11, 2023.
             The game lasted 00:09:10 (3516 turns).

fireball365 the Chopper (Hill Orc Fighter)          Turns: 3516, Time: 00:09:10

Health: -1/60      AC: 10    Str: 21    XL:     7   Next: 69%
Magic:  7/7        EV:  8    Int:  8    God:
Gold:   196        SH:  5    Dex: 16    Spells: 6/6 levels left

rFire   . . .        a - +0 war axe
rCold   . . .        c - +0 buckler
rNeg    . . .        z - +0 chain mail
rPois   .            (no helmet)
rElec   .            (no cloak)
rCorr   .            (no gloves)
SInv    .            (no boots)
Will    .....        (no amulet) Stlth
                     t - +6 ring of dexterity
HPRegen 0.30/turn    (no ring)
MPRegen 0.10/turn

%: no passive effects
@: no status effects
A: no striking features
a: Convert to Beogh


You were on level 5 of the Dungeon.
You visited 1 branch of the dungeon, and saw 5 of its levels.

You collected 254 gold pieces.
You spent 58 gold pieces at shops.

Inventory:

Hand Weapons
 a - a +0 war axe (weapon)
Armour
 c - a +0 buckler (worn)
 z - a +0 chain mail (worn)
Jewellery
 r - a ring of magical power
 t - a +6 ring of dexterity (left hand)
Wands
 p - a wand of polymorph (2)
 w - a wand of charming (3)
 A - a wand of iceblast (8)
Scrolls
 b - a scroll of teleportation {unknown}
 e - a scroll of brand weapon {unknown}
 m - a scroll of vulnerability {unknown}
 n - a scroll of acquirement {unknown}
 q - a scroll of fear {unknown}
 s - 2 scrolls of blinking
 v - a scroll of fog
 x - a scroll of enchant armour {unknown}
 y - a scroll of butterflies {unknown}
Potions
 d - 2 potions of might
 f - a potion of heal wounds {unknown}
 g - 7 potions of curing
 h - a potion of ambrosia {unknown}
 i - 2 potions of mutation
 j - a potion of haste
 k - a potion of brilliance {unknown}
 l - 2 potions of resistance
 o - 2 potions of cancellation
 u - a potion of berserk rage {unknown}
 B - a potion of degeneration {unknown}


   Skills:
 + Level 4.9 Fighting
 + Level 7.2 Axes
 + Level 5.5 Armour
 + Level 1.3 Dodging
 + Level 0.7 Stealth
 + Level 4.8 Shields


You had 6 spell levels left.
You didn't know any spells.
Your spell library contained the following spells:

 Spells                   Type           Power      Damage    Failure   Level
 Sublimation of Blood     Necr           0%         N/A       99%         2
 Petrify                  Tmut/Erth      0%         N/A       100%        4
 Irradiate                Conj/Tmut      0%         3d11      100%        5


Dungeon Overview and Level Annotations

Branches:
Dungeon (5/15)
 Temple: D:4-7

Altars:
Ru
Xom

Shops:
D:4 *


Message History

Deactivating autopickup; reactivate with Ctrl-A.
The orc hits you but does no damage.
You closely miss the orc. The orc hits you but does no damage.
You slash the orc!
You kill the orc!
You hit the iguana.
The iguana is moderately wounded.
The iguana bites you!
You hit the iguana.
The iguana is severely wounded.
The iguana bites you!
* * * LOW HITPOINT WARNING * * *
You closely miss the iguana.
The iguana is severely wounded.
The orc priest casts a cantrip, but nothing happens.
The iguana barely misses you. The iguana closely misses you.
You slash the iguana!
You kill the iguana!
Your Axes skill increases to level 7!
You miss something.
You hear some strange, mumbled words.
A magic dart appears from out of thin air!
The magic dart hits you.
* * * LOW HITPOINT WARNING * * *
You slash something!
Reactivating autopickup.
You feel a bit more experienced.
You hit the orc priest.
The orc priest is lightly wounded.
The orc priest shouts, "Surrender to Beogh and we'll let you live!"
You block the orc priest's attack.
You hit the orc priest.
The orc priest is moderately wounded.
The orc priest looks satisfied for a moment.
The orc priest threatens, "By the altar or by the axe, you will meet Beogh!"
You hit the orc priest.
The orc priest is severely wounded.
The orc priest calls down the wrath of Beogh upon you.
Pain shoots through your body!
You die...

######.#
##############.#
#..............#
#.#..###########
.. #.## ... #.#
... #.#
..#####.#
.##..o@.#
#..##### #.##
#.# ..#


lo.. ..).. .....>. o....... You could see an orc priest.

Vanquished Creatures
  Grinder (D:3)
  2 black bears
  A scorpion (D:3)
  A hound (D:3)
  A sleepcap (D:4)
  An iguana (D:5)
  Jessica (D:3)
  2 orc wizards (D:5)
  2 adders
  2 worms
  5 dart slugs
  4 orcs
  7 endoplasms
  4 giant cockroaches
  3 goblins
  11 hobgoblins
  3 jackals (D:3)
  9 kobolds
  6 quokkas
  7 ball pythons
  7 bats
  5 frilled lizards
  2 rats
87 creatures vanquished.

Notes
Turn   | Place    | Note
-------+----------+-------------------------------------------
     0 | D:1      | fireball365 the Hill Orc Fighter began the quest for the
                  | Orb.
     0 | D:1      | Reached XP level 1. HP: 19/19 MP: 1/1
   140 | D:1      | Reached XP level 2. HP: 27/27 MP: 2/2
   463 | D:1      | Reached skill level 3 in Axes
   641 | D:2      | Reached XP level 3. HP: 33/33 MP: 3/3
   656 | D:2      | Identified the +1 leather armour "Jousosaesm" {Contam rPois
                  | rN++ Dex+3}
  1056 | D:2      | Found a shimmering altar of Xom.
  1211 | D:2      | Reached XP level 4. HP: 40/40 MP: 4/4
  1639 | D:3      | Noticed a scorpion
  1653 | D:3      | Killed a scorpion
  1654 | D:3      | Reached skill level 4 in Axes
  1654 | D:3      | Reached XP level 5. HP: 25/46 MP: 5/5
  1863 | D:3      | Noticed Jessica
  1872 | D:3      | Killed Jessica
  2090 | D:3      | Found a sacrificial altar of Ru.
  2163 | D:3      | Noticed Grinder
  2179 | D:3      | Killed Grinder
  2180 | D:3      | Reached skill level 5 in Axes
  2180 | D:3      | Reached skill level 5 in Armour
  2180 | D:3      | Reached skill level 1 in Dodging
  2180 | D:3      | Reached XP level 6. HP: 25/53 MP: 6/6
  2389 | D:4      | Reached skill level 6 in Axes
  2389 | D:4      | Reached XP level 7. HP: 53/60 MP: 7/7
  2993 | D:4      | Found Moiff's Assorted Antiques.
  3003 | D:4      | Bought a scroll of identify for 58 gold pieces
  3293 | D:5      | Entered Level 5 of the Dungeon
  3512 | D:5      | Reached skill level 7 in Axes
  3516 | D:5      | Killed from afar by an orc priest

Illustrated notes

Levels and vault maps discovered:
D:1:      heliophobic_arrival_glass_houses, layout_basic, serial_bayou,
          serial_bayou_shore_a, serial_bayou_pond_a, serial_bayou_pond_b,
          serial_bayou_pond_a
D:2:      kb_forest_paths, layout_basic, serial_bayou, serial_bayou_pond_e,
          serial_bayou_lagoon_a, serial_bayou_shore_b, serial_bayou_pond_e,
          serial_bayou_pond_a, serial_bayou_pond_c, basic_altar, st_stairs_14,
          hangedman_glass_teeth, minmay_liquid_box
D:3:      layout_basic, nicolae_ru_great_annihilating_truth, uniq_jessica,
          uniq_grinder
D:4:      layout_gridville, serial_shops, shop, minmay_misc_feat_tower,
          corexii_shack
D:5:      layout_rooms, mainiacjoe_overflow_tiny_flanked, fountainhead,
          nrook_mini_backslash, nicolae_elevator_lobby_plus

Skill      XL: |  1  2  3  4  5  6  7 |
---------------+----------------------+-----
Axes           | 3 4 5 6 7 |  7.2
Armour         | 4 5 |  5.5
Fighting       | 4 |  4.9
Shields        | 4 |  4.8
Dodging        | 1 |  1.3
Stealth        | |  0.7

Action                     |  1- 3 |  4- 6 |  7- 9 || total
---------------------------+-------+-------+-------++-------
  Melee: War axe           |   155 |    76 |    59 ||   290
    Use: Scroll            |     3 |       |     4 ||     7
   Stab: Paralysed         |       |     2 |       ||     2
 Armour: Scale mail        |    74 |    59 |       ||   133
         Chain mail        |       |       |    38 ||    38
  Dodge: Dodged            |    55 |    59 |    29 ||   143
  Block: Buckler           |    39 |    28 |    16 ||    83
